 Dungeon Crawl Stone Soup version 0.31-a0-844-gdc52ec4e09 (webtiles) character file.

Game seed: 17716098019050387360

22883 quinnr the Zephyrmancer (level 13, 0/83 HPs)
             Began as a Tengu Air Elementalist on Sept 29, 2023.
             Was a High Priest of Vehumet.
             Slain by a minotaur
             ... wielding a +3 great sword of protection
              (7 damage)
             ... in a Gauntlet.
             The game lasted 00:49:02 (16735 turns).

quinnr the Zephyrmancer (Tengu Air Elementalist)   Turns: 16735, Time: 00:49:03

Health: 0/83       AC:  7    Str:  8    XL:     13   Next: 3%
Magic:  24/27      EV: 26    Int: 23    God:    Vehumet [*****.]
Gold:   772        SH:  0    Dex: 26    Spells: 9/30 levels left

rFire   . . .        L - staff of conjuration {!a}
rCold   . . .        (no shield)
rNeg    . . .        v - +2 robe {Will+}
rPois   +            I - +1 hat {Stlth+}
rElec   .            (no cloak)
rCorr   .            N - +1 pair of gloves of the Unbroken {+Inv Str-2 Dex+5 SInv}
SInv    +            (boots unavailable)
Will    +....        z - amulet of magic regeneration
Stlth   +++++        D - +6 ring of dexterity
HPRegen 0.33/turn    F - ring of Arrival {rPois Int+4}
MPRegen 0.60/turn

%: no teleportation, acrobat
@: brilliant, flying
A: beak, talons 3, evasive flight, acrobatic
a: Renounce Religion, Evoke Invisibility


You were in a Gauntlet.
You worshipped Vehumet.
Vehumet was extremely pleased with you.
You visited 2 branches of the dungeon, and saw 14 of its levels.
You also visited: Bailey and Gauntlet.

You collected 1029 gold pieces.
You spent 257 gold pieces at shops.


Innate Abilities, Weirdness & Mutations

You have a beak for a mouth.
You have claws for feet.
Your magical flight helps you evade attacks. (EV +4)
You can magically evade attacks while moving or waiting.


   Skills:
 + Level 10.5 Fighting
 + Level 10.7 Dodging
 - Level 6.0 Stealth
 - Level 9.4 Spellcasting
 - Level 4.0 Conjurations
 + Level 3.2 Fire Magic
 - Level 12.2 Air Magic
 - Level 4.0 Poison Magic
 - Level 5.0 Evocations


You had 9 spell levels left.
You knew the following spells:

 Your Spells              Type           Power      Damage    Failure   Level
a - Airstrike             Air            39%        2d(6-22)  1%          4
i - Swiftness             Air            79%        N/A       1%          3
m - Mephitic Cloud        Conj/Pois/Air  76%        N/A       1%          3
p - Poisonous Vapours     Pois/Air       100%       N/A       1%          2
t - Static Discharge      Conj/Air       100%       2-7/arc   1%          2
z - Shock                 Conj/Air       100%       1d9       1%          1
X - Plasma Beam           Fire/Air       31%        2x1d44    11%         6

Your spell library contained the following spells:

 Spells                   Type           Power      Damage    Failure   Level
 Cigotuvi's Dreadful Rot  Necr/Pois/Air  100%       N/A       1%          2
 Lesser Beckoning         Tloc           32%        N/A       9%          2
 Sublimation of Blood     Necr           16%        N/A       9%          2
 Gell's Gravitas          Tloc           16%        N/A       19%         3
 Teleport Other           Tloc           16%        N/A       19%         3
 Irradiate                Conj/Tmut      22%        3d19      19%         5
 Dispel Undead            Necr           16%        3d10      52%         4
 Petrify                  Tmut/Erth      16%        N/A       52%         4
 Death Channel            Necr           8%         N/A       100%        6
 Summon Cactus Giant      Summ           8%         N/A       100%        6

Inventory:

Hand Weapons
 r - a +0 dagger of speed
 x - a +0 orcbow
 P - a +2 vampiric dagger
Missiles
 n - 6 atropa-tipped darts
 G - a throwing net {=f}
Armour
 a - a +0 robe
 i - a +0 cloak
 v - a +2 robe of willpower (worn)
 A - a +0 pair of gloves
 I - a +1 hat of stealth (worn)
 K - +0 steam dragon scales
 N - the +1 pair of gloves of the Unbroken (worn) {+Inv Str-2 Dex+5 SInv}
   (You found it in a Gauntlet)

   Str-2:     It affects your strength (-2).
   Dex+5:     It affects your dexterity (+5).
   SInv:      It lets you see invisible.
   +Inv:      It lets you turn invisible.
 R - the +0 hat "Viclabar" {Harm rC+ rN+ SInv}
   (You found it in a Gauntlet)

   rC+:       It protects you from cold.
   rN+:       It protects you from negative energy.
   SInv:      It lets you see invisible.
   Harm:      It increases damage dealt and taken.
Magical Staves
 L - a staff of conjuration (weapon) {!a}
 M - a staff of cold {!a}
Jewellery
 d - a +6 ring of dexterity
 z - an amulet of magic regeneration (around neck)
 D - a +6 ring of dexterity (left hand)
 F - the ring of Arrival (right hand) {rPois Int+4}
   (You acquired it on level 10 of the Dungeon)

   [ring of poison resistance]

   Int+4:     It affects your intelligence (+4).
   rPois:     It protects you from poison
Wands
 b - a wand of flame (16)
 k - a wand of polymorph (9)
 Q - a wand of roots (2)
Scrolls
 g - a scroll of revelation
 j - 2 scrolls of fog
 l - a scroll of immolation
 s - 3 scrolls of poison
 t - a scroll of torment
 u - a scroll of amnesia
 w - 4 scrolls of fear {unknown}
 y - 3 scrolls of teleportation {@r2}
 C - 4 scrolls of noise {unknown}
 E - 2 scrolls of vulnerability {unknown}
Potions
 c - 2 potions of attraction
 e - 2 potions of berserk rage {!q}
 f - 6 potions of curing {@q1}
 h - 3 potions of heal wounds {@q2}
 m - a potion of ambrosia
 o - 2 potions of might
 p - a potion of degeneration
 q - 3 potions of lignification
 B - 3 potions of resistance
 H - a potion of brilliance
 J - 2 potions of magic
 O - a potion of mutation {unknown}

Dungeon Overview and Level Annotations

Branches:
Dungeon (14/15)            Temple (1/1) D:5            Lair (0/5) D:8
    Orc (0/2) D:11         Bailey (visited)         Gauntlet (1/1)
 Vaults: D:13-14

Altars:
Ashenzari
Cheibriados
Dithmenos
Elyvilon
Fedhas
Gozag
Hepliaklqana
Kikubaaqudgha
Makhleb
Nemelex Xobeh
Okawaru
Qazlal
Ru
Sif Muna
Trog
Uskayaw
Vehumet
Wu Jian
Xom
Yredelemnul
Zin
The Shining One

Shops:
D:5 =   D:6 ??*?*

Annotations:
D:6 digvault
D:9 2 transporters
D:14 Rupert
Temple 2 transporters Gauntlet 21 runed translucent doors, 4 transporters

▓.▓▓.▓▓░'░.▓▓.▓▓▓
▓...............▓
▓▓▓.▓▓.▓▓.▓▓.▓▓.▓
▓▓.▓▓.▓▓.▓▓.▓▓.▓ ...............▓
▓.▓▓.▓▓.▓▓.▓▓.▓▓
▓▓▓.▓▓.▓▓.▓▓.▓▓.▓▓▓
▓≈...............≈▓ ▒ ▒▒▒
▒▒▒▓8.8.8.@H.©..8.8.8▓▒▒▒ ▒ ▒8▒
▒8▒▓≈...............≈▓▒8▒
▒▒▒▒▒▒▒▒▒▒▒▒▒▒▒▒▒▒▒▒▒▒▒▒▒▒▒▒▒▒▒▒▒
.................≈∩≈...........§§
.................................
▒▒▒...▒▒▒▒▒▒▒▒▒▒▒...▒▒▒▒▒▒▒▒▒▒▒§.
..▒.8.▒....©.)..▒...▒p5?=©[)..▒..
.#▒...▒.#.#.#.#.▒...▒5^▓▓.▓▓^.▒..
#.▒▒▒▒▒..#.▒.#..▒...▒.▓▓^^5▓▓.▒..


You could see a minotaur (confused, extremely poisoned), a wizard and 2 shadow
imps.


Message History

Aiming: Poisonous Vapours (safe; 1% risk of failure)
Press: ? - help, Dir - move target, f/p - minotaur
Aim: a minotaur, wielding a +3 great sword of protection, wearing a +0 chain mail and quivering silver javelins (heavily wounded, confused, very poisoned)
You feel a surge of power!
Poisonous vapours surround the minotaur!
The minotaur looks as sick as possible!
The shadow imp puffs mist at you.
Casting: Poisonous Vapours (safe; 1% risk of failure)
Confirm with . or Enter, or press ? or * to list all spells.
Aiming: Airstrike (safe; 1% risk of failure)
Press: ? - help, Dir - move target, f/p - minotaur
Aim: a minotaur, wielding a +3 great sword of protection, wearing a +0 chain mail and quivering silver javelins (heavily wounded, confused, extremely poisoned, empty space bonus: 7/8)
You feel a surge of power!
The air twists around and strikes the minotaur!
The minotaur is severely wounded.
The shadow imp picks up a beetle and eats it.
The minotaur misses you. The minotaur completely misses you.
Casting: Airstrike (safe; 1% risk of failure)
Confirm with . or Enter, or press ? or * to list all spells.
Aiming: Airstrike (safe; 1% risk of failure)
Press: ? - help, Dir - move target, f/p - minotaur
Aim: a minotaur, wielding a +3 great sword of protection, wearing a +0 chain mail and quivering silver javelins (severely wounded, confused, extremely poisoned, empty space bonus: 7/8)
You feel a surge of power!
The air twists around and strikes the minotaur!
The minotaur is severely wounded.
The wizard shouts, "You can't withstand my power!"
The minotaur hits you with a +3 great sword of protection!
* * * LOW HITPOINT WARNING * * *
The minotaur gores you!
You die...

Skill      XL: |  1  2  3  4  5  6  7  8  9 10 11 12 |
---------------+-------------------------------------+-----
Air Magic      | 5 6 7 8 9 10 11 12 | 12.2
Spellcasting   | 3 4 6 7 9 |  9.4
Fighting       | 1 2 4 6 10 | 10.5
Dodging        | 4 5 6 9 10 | 10.7
Stealth        | 4 6 |  6.0
Evocations     | 3 4 5 |  5.0
Conjurations   | 2 4 |  4.0
Poison Magic   | 4 |  4.0
Fire Magic     | 3 |  3.2

Action                     |  1- 3 |  4- 6 |  7- 9 | 10-12 | 13-15 || total
---------------------------+-------+-------+-------+-------+-------++-------
  Melee: Unarmed           |     2 |    11 |    14 |       |       ||    27
         Peck              |     1 |     2 |     3 |     6 |       ||    12
         Kick              |       |     2 |     7 |    10 |       ||    19
         Staff             |       |       |       |    33 |       ||    33
         Punch             |       |       |       |     1 |       ||     1
   Fire: Orcbow            |       |       |       |     9 |       ||     9
   Cast: Shock             |    53 |    97 |   158 |    47 |       ||   355
         Static Discharge  |     4 |       |    15 |    48 |       ||    67
         Airstrike         |       |     8 |    46 |   299 |     2 ||   355
         Poisonous Vapours |       |       |       |    74 |     3 ||    77
         Mephitic Cloud    |       |       |       |    34 |     4 ||    38
         Swiftness         |       |       |       |     8 |       ||     8
         Plasma Beam       |       |       |       |     5 |     2 ||     7
  Evoke: Wand              |       |     2 |     4 |    12 |       ||    18
    Use: Scroll            |       |    10 |     4 |    11 |       ||    25
         Potion            |       |     3 |     5 |     1 |     3 ||    12
   Stab: Confused          |       |       |       |     7 |       ||     7
 Armour: Robe              |     8 |    17 |    41 |    87 |     8 ||   161
         Skin              |       |       |       |     2 |       ||     2
  Dodge: Dodged            |     6 |    24 |   162 |   280 |    12 ||   484

Levels and vault maps discovered:
D:1:      grunt_arrival_lava_bath, layout_loops_ring
D:2:      layout_basic, roderic_roman_lattice, uniq_jessica
D:3:      layout_loops_ring, mainiacjoe_overflow_alcove_3,
          kennysheep_generic_room_11
D:4:      layout_basic, kennysheep_diamond, minmay_misc_feat_five,
          minmay_misc_feat_tiny, hangedman_decor_clover_reticule
D:5:      wad_lake_hut, layout_loops_ring, tgw_kikubaaqudgha,
          minmay_temple_entry_statues_pillars, lightli_sewer_entry_pipes,
          serial_shops, nicolae_shop_gaudy_bauble, mrwooster_statue_mirror
D:6:      layout_loops_ring, zin_treasury, lemuel_coloured_pillars_altar,
          amcnicky_altar_gilded, serial_shops, shop, shop, shop, shop, shop,
          uniq_blork_the_orc, uniq_duvessa, uniq_grinder
D:7:      layout_gridville, vehumet_statue, kennysheep_donut,
          minmay_misc_feat_nine_boxes
D:8:      layout_basic, nicolae_qazlal_scattered_showers,
          minmay_lair_entry_grove
D:9:      layout_basic, mainiacjoe_overflow_divided_tiny,
          mainiacjoe_overflow_catwalk, nicolae_diode_stairs
D:10:     layout_cave_pods, enter_bailey_5, minmay_statues_item
D:11:     layout_loops_ring, hiddenorc2_lemuel, uniq_erica, uniq_sonja,
          uniq_lodul
D:12:     layout_layer_cave
D:14:     layout_rooms, gauntlet_entry_generic, bh_walls_and_bars,
          palyth_stone_intersect, nemelex_xobeh_ov_fountains_minmay, uniq_rupert
Temple:   hellmonk_temple_divided_pantheon
Gauntlet: gammafunk_gauntlet_shortcut
          [minmay_gauntlet_arena_make_your_own_arena,
          gammafunk_gauntlet_arena_split_diamond,
          gammafunk_gauntlet_arena_chambers, nicolae_gauntlet_arena_t_cross,
          gammafunk_gauntlet_arena_arrow_garden, gammafunk_gauntlet_arena_grid,
          gauntlet_exit_green]

Notes
Turn   | Place    | Note
-------+----------+-------------------------------------------
     0 | D:1      | quinnr the Tengu Air Elementalist began the quest for the
                  | Orb.
     0 | D:1      | Reached XP level 1. HP: 10/10 MP: 4/4
   641 | D:1      | Reached XP level 2. HP: 15/15 MP: 4/6
   785 | D:1      | Reached skill level 5 in Air Magic
  1195 | D:2      | Learned a level 2 spell: Static Discharge
  1217 | D:2      | Reached XP level 3. HP: 19/19 MP: 4/7
  1455 | D:2      | Reached skill level 6 in Air Magic
  1585 | D:3      | Reached XP level 4. HP: 22/24 MP: 2/8
  1664 | D:3      | Learned a level 4 spell: Airstrike
  1737 | D:3      | Reached skill level 7 in Air Magic
  1893 | D:4      | Reached XP level 5. HP: 28/28 MP: 0/9
  2717 | D:2      | Noticed Jessica
  2721 | D:2      | Killed Jessica
  3306 | D:3      | Found a snail-covered altar of Cheibriados.
  3306 | D:3      | Found a glowing golden altar of the Shining One.
  3308 | D:3      | Found a shimmering altar of Xom.
  3308 | D:3      | Found a sparkling altar of Nemelex Xobeh.
  3314 | D:3      | Found a shimmering altar of Xom.
  3549 | D:3      | Reached skill level 8 in Air Magic
  4225 | D:5      | Entered Level 5 of the Dungeon
  4230 | D:5      | Noticed a steam dragon
  4261 | D:4      | Noticed an ogre
  4280 | D:4      | Killed an ogre
  4281 | D:4      | Reached XP level 6. HP: 32/32 MP: 1/11
  4373 | D:4      | Reached skill level 3 in Spellcasting
  4378 | D:4      | Reached skill level 9 in Air Magic
  4662 | D:4      | Reached skill level 1 in Fighting
  4662 | D:4      | Gained mutation: Your magical flight helps you evade
                  | attacks. (EV +4) [Tengu growth]
  4662 | D:4      | Reached XP level 7. HP: 33/38 MP: 1/12
  4766 | D:4      | Reached skill level 3 in Dodging
  4814 | D:4      | Reached skill level 3 in Stealth
  4936 | D:4      | Reached skill level 2 in Fighting
  5028 | D:5      | Killed a steam dragon
  5029 | D:5      | Reached skill level 4 in Dodging
  5045 | D:5      | Reached skill level 4 in Stealth
  5075 | D:4      | Reached XP level 8. HP: 30/44 MP: 4/14
  5148 | D:5      | Found Lufur's Jewellery Shoppe.
  5259 | D:5      | Found a staircase to the Ecumenical Temple.
  5327 | Temple   | Found a transporter.
  5327 | Temple   | Found a transporter.
  5327 | Temple   | Found a transporter.
  5327 | Temple   | Found a transporter.
  5327 | Temple   | Entered the Ecumenical Temple
  5412 | D:5      | Reached skill level 4 in Spellcasting
  5883 | D:5      | Found an ancient bone altar of Kikubaaqudgha.
  6030 | D:5      | Reached skill level 10 in Air Magic
  6654 | D:6      | Reached skill level 3 in Fighting
  6697 | D:6      | Noticed Dowan
  6699 | D:6      | Noticed Duvessa
  6708 | D:6      | Killed Duvessa
  6708 | D:6      | Killed Dowan
  6709 | D:6      | Reached skill level 5 in Dodging
  6709 | D:6      | Reached skill level 5 in Stealth
  6733 | D:6      | Found a broken altar of Ashenzari.
  7080 | D:6      | Reached skill level 6 in Stealth
  7086 | D:6      | Noticed a wraith
  7100 | D:6      | Killed a wraith
  7101 | D:6      | Reached skill level 4 in Fighting
  7101 | D:6      | Reached XP level 9. HP: 42/52 MP: 0/16
  7261 | D:6      | Found Ynumelet's Magic Scroll Shoppe.
  7269 | D:6      | Bought a scroll of identify for 26 gold pieces
  7269 | D:6      | Bought a scroll of revelation for 97 gold pieces
  7273 | D:6      | Found Bafoj's Assorted Antiques.
  7277 | D:6      | Noticed Grinder
  7326 | D:6      | Found Rukky's Magic Scroll Shoppe.
  7337 | D:6      | Found Qufennupt's Magic Scroll Boutique.
  7345 | D:6      | Bought a scroll of identify for 24 gold pieces
  7359 | D:6      | Reached skill level 1 in Evocations
  7497 | D:6      | Found Elamn's General Store.
  7501 | D:6      | Bought a +0 pair of gloves for 54 gold pieces
  7633 | D:6      | Found a white marble altar of Elyvilon.
  7749 | D:6      | Reached skill level 5 in Fighting
  7749 | D:6      | Reached skill level 2 in Evocations
  7806 | D:6      | Noticed Blork the orc
  7813 | D:6      | Killed Blork the orc
  7814 | D:6      | Reached skill level 3 in Evocations
  7914 | D:6      | Found a glowing silver altar of Zin.
  8010 | D:6      | Killed Grinder
  8011 | D:6      | Reached skill level 6 in Fighting
  8039 | D:6      | Bought a scroll of identify for 56 gold pieces
  8127 | D:7      | Reached skill level 5 in Spellcasting
  8221 | D:7      | Reached skill level 6 in Spellcasting
  8435 | D:7      | Reached XP level 10. HP: 56/61 MP: 3/20
  8604 | D:7      | Reached skill level 7 in Fighting
  8877 | D:7      | Found a radiant altar of Vehumet.
  8884 | D:7      | Became a worshipper of Vehumet
  9354 | D:8      | Reached skill level 8 in Fighting
  9479 | D:8      | Learned a level 3 spell: Swiftness
  9554 | D:8      | Reached skill level 9 in Fighting
  9620 | D:7      | Reached skill level 10 in Fighting
  9734 | D:8      | Found a staircase to the Lair.
  9771 | D:8      | Reached skill level 2 in Conjurations
  9803 | D:7      | Reached * piety under Vehumet
  9803 | D:7      | Offered knowledge of Sandblast by Vehumet.
  9990 | D:7      | Reached skill level 4 in Evocations
 10014 | D:8      | Reached skill level 6 in Dodging
 10072 | D:8      | Identified a potion of resistance
 10112 | D:8      | Reached XP level 11. HP: 58/72 MP: 17/21
 10276 | D:8      | Reached skill level 5 in Evocations
 10331 | D:8      | Reached skill level 7 in Dodging
 10422 | D:8      | Found a stormy altar of Qazlal.
 11005 | D:9      | Found a sacrificial altar of Ru.
 11218 | D:9      | Reached skill level 8 in Dodging
 11248 | D:9      | Found a shimmering blue altar of Sif Muna.
 11248 | D:9      | Found an ornate altar of the Wu Jian Council.
 11427 | D:9      | Found a transporter.
 11448 | D:9      | Reached ** piety under Vehumet
 11448 | D:9      | Offered knowledge of Poisonous Vapours by Vehumet.
 11488 | D:9      | Learned a level 2 spell: Poisonous Vapours
 11619 | D:9      | Reached skill level 1 in Poison Magic
 11628 | D:9      | Found a transporter.
 11720 | D:10     | Entered Level 10 of the Dungeon
 11720 | D:10     | Noticed a two-headed ogre
 11726 | D:10     | Killed a two-headed ogre
 11727 | D:10     | Reached skill level 2 in Poison Magic
 11817 | D:10     | Identified a scroll of acquirement
 11818 | D:10     | Acquired the ring of Arrival {rPois Int+4}
 11853 | D:10     | Found a flagged portal.
 11876 | Bailey   | Entered a bailey
 12155 | Bailey   | Reached skill level 3 in Poison Magic
 12327 | Bailey   | Offered knowledge of Volatile Blastmotes by Vehumet.
 12374 | Bailey   | Identified the +2 chain mail of Netwa {rElec rF- rC++
                  | Int+3}
 12400 | Bailey   | Reached skill level 7 in Spellcasting
 12515 | Bailey   | Identified the +2 chain mail "Fumoluv" {+Inv Will+ SInv}
 12783 | D:10     | Noticed a two-headed ogre
 12786 | D:10     | Killed a two-headed ogre
 12898 | D:10     | Reached skill level 4 in Poison Magic
 12950 | D:10     | Reached *** piety under Vehumet
 13534 | D:11     | Noticed Erica
 13562 | D:11     | Killed Erica
 13580 | D:11     | Noticed a two-headed ogre
 13584 | D:11     | Noticed a two-headed ogre
 13585 | D:11     | Killed a two-headed ogre
 13586 | D:11     | Reached skill level 9 in Dodging
 13586 | D:11     | Reached skill level 11 in Air Magic
 13586 | D:11     | Reached XP level 12. HP: 58/77 MP: 8/24
 13718 | D:11     | Reached skill level 8 in Spellcasting
 13945 | D:11     | Noticed Lodul
 14000 | D:10     | Killed Lodul
 14000 | D:10     | Offered knowledge of Mephitic Cloud by Vehumet.
 14005 | D:10     | Learned a level 3 spell: Mephitic Cloud
 14142 | D:11     | Killed a two-headed ogre
 14289 | D:11     | Noticed Sonja
 14298 | D:11     | Reached skill level 3 in Conjurations
 14304 | D:11     | Killed Sonja
 14404 | D:11     | Noticed a boulder beetle
 14630 | D:11     | Killed a boulder beetle
 14705 | D:11     | Noticed a two-headed ogre
 14717 | D:11     | Killed a two-headed ogre
 14718 | D:11     | Reached skill level 4 in Conjurations
 14842 | D:11     | Reached skill level 12 in Air Magic
 14965 | D:11     | Reached skill level 10 in Dodging
 14965 | D:11     | Reached **** piety under Vehumet
 15020 | D:11     | Offered knowledge of Yara's Violent Unravelling by Vehumet.
 15159 | D:11     | Found a staircase to the Orcish Mines.
 15361 | D:12     | Reached skill level 9 in Spellcasting
 15770 | D:12     | You are sucked into a shaft and drop 2 floors!
 15771 | D:14     | Noticed a boulder beetle
 15780 | D:14     | Noticed a tengu warrior
 15782 | D:14     | Noticed a tengu warrior
 15788 | D:14     | Found a gate leading to a gauntlet.
 15818 | D:14     | Reached ***** piety under Vehumet
 15818 | D:14     | Offered knowledge of Plasma Beam by Vehumet.
 15830 | D:14     | Noticed Rupert
 15837 | Gauntlet | Entered a Gauntlet
 15837 | Gauntlet | Found a large runed translucent door.
 15837 | Gauntlet | Found a large runed translucent door.
 15837 | Gauntlet | Found a large runed translucent door.
 15837 | Gauntlet | Found a large runed translucent door.
 15837 | Gauntlet | Found a runed translucent door.
 15837 | Gauntlet | Found a large runed translucent door.
 15837 | Gauntlet | Found a large runed translucent door.
 15837 | Gauntlet | Found a transporter.
 15837 | Gauntlet | Found a transporter.
 15837 | Gauntlet | Found a large runed translucent door.
 15837 | Gauntlet | Found a large runed translucent door.
 15837 | Gauntlet | Found a runed translucent gate.
 15837 | Gauntlet | Found a runed translucent gate.
 15837 | Gauntlet | Found a transporter.
 15875 | Gauntlet | Noticed a catoblepas
 16011 | Gauntlet | Found a transporter.
 16011 | Gauntlet | Found a transporter.
 16012 | Gauntlet | Found a runed translucent gate.
 16012 | Gauntlet | Found a runed translucent door.
 16021 | Gauntlet | Found a transporter.
 16029 | Gauntlet | Found a transporter.
 16035 | Gauntlet | Found a transporter.
 16043 | Gauntlet | Found a transporter.
 16060 | Gauntlet | Found a transporter.
 16068 | Gauntlet | Found a transporter.
 16085 | Gauntlet | Found a transporter.
 16109 | Gauntlet | Found a large runed translucent door.
 16109 | Gauntlet | Found a large runed translucent door.
 16109 | Gauntlet | Found a large runed translucent door.
 16109 | Gauntlet | Found a large runed translucent door.
 16110 | Gauntlet | Found a large runed translucent door.
 16110 | Gauntlet | Found a large runed translucent door.
 16111 | Gauntlet | Found a large runed translucent door.
 16111 | Gauntlet | Found a large runed translucent door.
 16245 | Gauntlet | Learned a level 6 spell: Plasma Beam
 16288 | Gauntlet | Reached skill level 1 in Fire Magic
 16295 | Gauntlet | Killed a catoblepas
 16445 | Gauntlet | Reached skill level 2 in Fire Magic
 16454 | Gauntlet | Got a mumbling book
 16455 | Gauntlet | Identified the +1 pair of gloves of the Unbroken {+Inv
                  | Str-2 Dex+5 SInv}
 16609 | Gauntlet | Reached skill level 3 in Fire Magic
 16609 | Gauntlet | Reached XP level 13. HP: 83/83 MP: 10/27
 16645 | Gauntlet | Identified the +0 hat "Viclabar" {Harm rC+ rN+ SInv}
 16701 | Gauntlet | Noticed a minotaur
 16735 | Gauntlet | HP: 7/83 [minotaur/+3 great sword of protection (12)]
 16735 | Gauntlet | Slain by a minotaur

Vanquished Creatures
  A catoblepas (Gauntlet)
  Erica (D:11)
  A boulder beetle (D:11)
  5 two-headed ogres
  Sonja (D:11)
  Lodul (D:10)
  An ugly thing (D:14)
  A necromancer (Gauntlet)
  An eye of devastation (Gauntlet)
  3 gargoyles
  An unseen horror (D:11)
  2 trolls (D:10)
  A wolf spider simulacrum (Gauntlet)
  Grinder (D:6)
  2 hornets (D:8)
  2 centaur simulacra (Gauntlet)
  2 vampires
  2 shadows
  16 yaks
  3 wraiths
  A basilisk (D:8)
  5 wyverns
  A golden eye (Gauntlet)
  9 vampire mosquitoes
  A steam dragon (D:5)
  An acid dragon (D:11)
  7 water moccasins
  Duvessa (D:6)
  4 orc warriors
  A meliai simulacrum (Gauntlet)
  2 sky beasts (D:7)
  A black bear (D:4)
  An ice beast (D:6)
  11 ogres
  4 wolves (Gauntlet)
  14 centaurs
  Blork the orc (D:6)
  2 kobold brigands
  3 bullfrogs
  A gnoll sergeant (D:9)
  A scorpion (D:7)
  7 wights
  A hornet simulacrum (Gauntlet)
  Dowan (D:6)
  8 killer bees
  4 wolf zombies (Bailey)
  4 howler monkeys
  8 vampire bats (Bailey)
  5 hounds
  8 orc priests
  3 jellies
  3 gnoll boudas
  Jessica (D:2)
  6 iguanas
  15 orc wizards
  A statue (D:7)
  18 gnolls
  3 river rats (D:5)
  13 adders
  A shadow imp (D:6)
  3 white imps
  An ufetubus (D:5)
  5 worms
  4 dart slugs
  55 orcs
  3 bats
  4 endoplasms
  3 giant cockroaches
  10 goblins
  6 hobgoblins
  4 jackals (D:5)
  13 kobolds
  4 quokkas
  6 ball pythons
  4 frilled lizards
  18 orc zombies (Bailey)
  5 rats
378 creatures vanquished.

Vanquished Creatures (others)
  A human (D:5)
1 creature vanquished.

Grand Total: 379 creatures vanquished

Table legend: (Time is in decaauts)
 A = Elapsed time spent in this place.
 B = Non-inter-level travel time spent in this place.
 C = Inter-level travel time spent in this place.
 D = Time resting spent in this place.
 E = Time spent auto-exploring this place.
 F = Levels seen in this place.
 G = Mean time per level.
                   A        B        C        D        E       F      G
               +--------+--------+--------+--------+--------+-----+--------+
         Total |  16794 |  16083 |    711 |   3042 |   9541 |  16 | 1049.6 |
       Dungeon |  15105 |  14403 |    702 |   2400 |   9133 |  13 | 1161.9 |
        Temple |     15 |      7 |      8 |      0 |      0 |   1 |   15.0 |
        Bailey |    770 |    770 |      0 |    316 |    221 |   1 |  770.0 |
      Gauntlet |    902 |    902 |      0 |    326 |    187 |   1 |  902.0 |
               +--------+--------+--------+--------+--------+-----+--------+

Top non-repeatable levels by time:
    D:11: 2205 daAuts
     D:5: 1966 daAuts
     D:3: 1698 daAuts
     D:8: 1430 daAuts
     D:7: 1316 daAuts
     D:6: 1265 daAuts
     D:1: 1179 daAuts
     D:2: 1100 daAuts
    D:10: 947 daAuts
     D:9: 926 daAuts
     D:4: 915 daAuts
Gauntlet: 902 daAuts
  Bailey: 770 daAuts
    D:12: 86 daAuts
    D:14: 66 daAuts

Table legend:
 A = Non-vault XP
 B = Vault XP
 C = Vault XP percentage of total XP
 D = Non-vault monster count
 E = Vault monster count
 F = Vault count percentage of total count
                 A         B        C        D         E       F
            +---------+---------+-------+---------+---------+-------
      Total |   20243 |   12447 |  38.1 |     252 |     126 |  33.3
            +---------+---------+-------+---------+---------+-------
        D:1 |      32 |       0 |   0.0 |      17 |       0 |   0.0
        D:2 |      48 |      37 |  43.5 |      14 |       1 |   6.7
        D:3 |     138 |       3 |   2.1 |      16 |       2 |  11.1
        D:4 |     662 |       5 |   0.7 |      23 |       1 |   4.2
        D:5 |     872 |     121 |  12.2 |      24 |      12 |  33.3
        D:6 |    1122 |     581 |  34.1 |      23 |       4 |  14.8
        D:7 |    2016 |     238 |  10.6 |      33 |       2 |   5.7
        D:8 |    2427 |    2008 |  45.3 |      25 |      12 |  32.4
        D:9 |    1359 |       0 |   0.0 |      20 |       0 |   0.0
       D:10 |    2994 |     761 |  20.3 |      20 |       5 |  20.0
       D:11 |    6546 |    2973 |  31.2 |      23 |      40 |  63.5
       D:12 |     718 |       0 |   0.0 |       9 |       0 |   0.0
       D:14 |    1309 |       0 |   0.0 |       5 |       0 |   0.0
     Bailey |       0 |    1408 | 100.0 |       0 |      32 | 100.0
   Gauntlet |       0 |    4312 | 100.0 |       0 |      15 | 100.0
            +---------+---------+-------+---------+---------+-------

Levels and vault maps discovered:
D:1:      grunt_arrival_lava_bath, layout_loops_ring
D:2:      layout_basic, roderic_roman_lattice, uniq_jessica
D:3:      layout_loops_ring, mainiacjoe_overflow_alcove_3,
          kennysheep_generic_room_11
D:4:      layout_basic, kennysheep_diamond, minmay_misc_feat_five,
          minmay_misc_feat_tiny, hangedman_decor_clover_reticule
D:5:      wad_lake_hut, layout_loops_ring, tgw_kikubaaqudgha,
          minmay_temple_entry_statues_pillars, lightli_sewer_entry_pipes,
          serial_shops, nicolae_shop_gaudy_bauble, mrwooster_statue_mirror
D:6:      layout_loops_ring, zin_treasury, lemuel_coloured_pillars_altar,
          amcnicky_altar_gilded, serial_shops, shop, shop, shop, shop, shop,
          uniq_blork_the_orc, uniq_duvessa, uniq_grinder
D:7:      layout_gridville, vehumet_statue, kennysheep_donut,
          minmay_misc_feat_nine_boxes
D:8:      layout_basic, nicolae_qazlal_scattered_showers,
          minmay_lair_entry_grove
D:9:      layout_basic, mainiacjoe_overflow_divided_tiny,
          mainiacjoe_overflow_catwalk, nicolae_diode_stairs
D:10:     layout_cave_pods, enter_bailey_5, minmay_statues_item
D:11:     layout_loops_ring, hiddenorc2_lemuel, uniq_erica, uniq_sonja,
          uniq_lodul
D:12:     layout_layer_cave
D:14:     layout_rooms, gauntlet_entry_generic, bh_walls_and_bars,
          palyth_stone_intersect, nemelex_xobeh_ov_fountains_minmay, uniq_rupert
Temple:   hellmonk_temple_divided_pantheon
Gauntlet: gammafunk_gauntlet_shortcut
          [minmay_gauntlet_arena_make_your_own_arena,
          gammafunk_gauntlet_arena_split_diamond,
          gammafunk_gauntlet_arena_chambers, nicolae_gauntlet_arena_t_cross,
          gammafunk_gauntlet_arena_arrow_garden, gammafunk_gauntlet_arena_grid,
          gauntlet_exit_green]
